 Dungeon Crawl Stone Soup version 0.30-a0-23-ge60ba3568b (webtiles) character file.

Game seed: 516837854717234686

280 Shayle the Sneak (level 6, -6/44 HPs)
             Began as a Vampire Enchanter on Aug 25, 2022.
             Mangled by an iguana (9 damage)
             ... on level 4 of the Dungeon.
             The game lasted 00:07:59 (3218 turns).

Shayle the Sneak (Vampire Enchanter)                Turns: 3218, Time: 00:08:00

Health: -6/44      AC:  4    Str:  7    XL:     6   Next: 5%
Magic:  1/10       EV: 13    Int: 19    God:
Gold:   174        SH:  4    Dex: 15    Spells: 8/10 levels left

rFire   . . .      SeeInvis +    a - +1 dagger
rCold   . . .      Faith    .    (no shield)
rNeg    . . .      Spirit   .    b - +0 robe
rPois   .          Reflect  .    (no helmet)
rElec   .          Harm     .    j - +0 cloak
rCorr   .          Rampage  .    i - +0 pair of gloves
Will    .....                    (no boots)
Stlth   +++.......               (no amulet)
HPRegen 0.34/turn                (no ring)
MPRegen 0.12/turn                (no ring)

@: healing quickly, unable to read
A: alive, fangs 3, see invisible, vampiric 2, large bone plates 1, inability to
read after injury 1, devolution 1
a: Exsanguinate


You were on level 4 of the Dungeon.
You visited 1 branch of the dungeon, and saw 4 of its levels.

You collected 174 gold pieces.

Inventory:

Hand Weapons
 a - a +1 dagger (weapon)
Armour
 b - a +0 robe (worn)
 e - a +0 ring mail
 i - a +0 pair of gloves (worn)
 j - a +0 cloak (worn)
Jewellery
 d - an amulet of faith
Scrolls
 h - 5 scrolls of teleportation
 k - a scroll of enchant weapon {unknown}
 l - a scroll of enchant armour {unknown}
 o - a scroll of identify
Potions
 c - a potion of invisibility
 f - a potion of brilliance
 m - 2 potions of curing
 n - a potion of flight


   Skills:
 + Level 1.9 Fighting
 - Level 1.1 Short Blades
 + Level 1.8 Axes
 + Level 3.3 Dodging
 + Level 5.6 Stealth
 + Level 2.7 Spellcasting
 + Level 5.5 Hexes
 + Level 1.8 Ice Magic


You had 8 spell levels left.
You knew the following spells:

 Your Spells              Type           Power      Damage    Failure   Level
a - Ensorcelled Hibernat  Hex/Ice        32%        N/A       5%          2

Your spell library contained the following spells:

 Spells                   Type           Power      Damage    Failure   Level
 Confusing Touch          Hex            23%        N/A       4%          3
 Tukima's Dance           Hex            23%        N/A       4%          3
 Dazzling Flash           Conj/Hex       26%        N/A       16%         3


Dungeon Overview and Level Annotations

Branches:
Dungeon (4/15)
 Temple: D:4-7

Altars:
Dithmenos
Hepliaklqana
Yredelemnul


Innate Abilities, Weirdness & Mutations

Your natural rate of healing is accelerated.
You have razor-sharp teeth.
You have supernaturally acute eyesight. (SInv)
You are afflicted with vampirism and can become a bat while bloodless.
You are partially covered in large bone plates. (SH +4)
You occasionally lose the ability to read scrolls when taking damage.
You have hidden genetic defects.


Message History

You feel threatened and lose the ability to read scrolls!
You hit the iguana but do no damage.
The iguana is severely wounded.
The iguana bites you.
You hit the iguana but do no damage.
The iguana is severely wounded.
You block the iguana's attack.
You hit the iguana.
The iguana is severely wounded.
The iguana completely misses you.
You hit the iguana but do no damage.
The iguana is severely wounded.
The iguana misses you.
You hit the iguana but do no damage.
The iguana is severely wounded.
You block the iguana's attack.
You hit the iguana but do no damage. You bite the iguana.
The iguana is almost dead.
The iguana bites you.
You hit the iguana but do no damage. Your bite misses the iguana.
The iguana is severely wounded.
The iguana bites you!
* * * LOW HITPOINT WARNING * * *
Casting: Ensorcelled Hibernation (safe; 5% risk of failure)
Confirm with . or Enter, or press ? or * to list all spells.
Aiming: Ensorcelled Hibernation (safe; 5% risk of failure)
Press: ? - help, Shift-Dir - straight line, f - iguana
Aim: an iguana (severely wounded, chance to affect: 58%)
The iguana resists with significant effort.
The iguana completely misses you.
You hit the iguana but do no damage.
The iguana is severely wounded.
The iguana misses you.
You hit the iguana. You bite the iguana, but do no damage.
The iguana is almost dead.
The iguana barely misses you.
You hit the iguana.
The iguana is almost dead.
The iguana bites you!
You die...

###......... ...........
######......... #####
............... ....##.#
#.......###+### ....##.#
#..o..#.#
....##.#.#######.#
....##.#......<#l#.. .
....##.######..#@#.# .#..
###............#.#.# #.#..
.##.......##...#.#.#......
.##..............#.#.#....
.##........##.####.#...#
.##........##+## #.....#
.##........#...# #...#
.##........#...###...#
.##........#..<.)....#


You could see an iguana.

Vanquished Creatures
  A scorpion (D:4)
  2 hounds
  An orc wizard (D:4)
  4 adders
  5 dart slugs
  7 orcs
  8 ball pythons
  5 endoplasms
  3 giant cockroaches
  3 goblins
  9 hobgoblins
  2 jackals (D:1)
  5 quokkas
  7 bats
  9 kobolds
  5 rats
76 creatures vanquished.

Notes
Turn   | Place    | Note
-------+----------+-------------------------------------------
     0 | D:1      | Shayle the Vampire Enchanter began the quest for the Orb.
     0 | D:1      | Reached XP level 1. HP: 13/13 MP: 3/3
   240 | D:1      | Reached XP level 2. HP: 20/20 MP: 5/5
   247 | D:1      | Learned a level 2 spell: Ensorcelled Hibernation
   456 | D:1      | Found a faded altar of an unknown god.
   456 | D:1      | Noticed a blizzard demon
   645 | D:1      | Gained mutation: You are afflicted with vampirism and can
                  | become a bat while bloodless. [Vampire growth]
   645 | D:1      | Reached XP level 3. HP: 25/25 MP: 6/6
  1284 | D:2      | Reached skill level 1 in Fighting
  1613 | D:2      | Found a hazy altar of Hepliaklqana.
  1899 | D:3      | Reached skill level 5 in Stealth
  1941 | D:3      | Reached skill level 1 in Axes
  1968 | D:3      | Reached XP level 4. HP: 28/32 MP: 7/7
  2131 | D:3      | Found a basalt altar of Yredelemnul.
  2137 | D:3      | Reached skill level 5 in Hexes
  2341 | D:3      | Reached skill level 1 in Ice Magic
  2354 | D:3      | You fall into a shaft and drop 1 floor!
  2560 | D:3      | Found a shadowy altar of Dithmenos.
  2915 | D:4      | Reached XP level 5. HP: 36/37 MP: 3/8
  3195 | D:4      | Reached XP level 6. HP: 21/44 MP: 2/10
  3199 | D:4      | Gained mutation: You occasionally lose the ability to read
                  | scrolls when taking damage. [potion of mutation]
  3199 | D:4      | Gained mutation: You have hidden genetic defects. [potion
                  | of mutation]
  3199 | D:4      | Gained mutation: You are partially covered in large bone
                  | plates. (SH +4) [potion of mutation]
  3214 | D:4      | HP: 2/44 [iguana (12)]
  3218 | D:4      | Mangled by an iguana

Illustrated notes

Levels and vault maps discovered:
D:1:      amcnicky_arrival_wind_blow, layout_basic,
          dreamdust_ecumenical_altar_sealed_demon
D:2:      layout_loops_corners, basic_altar
D:3:      layout_loops_ring, mainiacjoe_overflow_cross_hatched,
          lemuel_tele_altar, mainiacjoe_overflow_alcove_1
D:4:      layout_basic, uniq_grinder

Skill      XL: |  1  2  3  4 |
---------------+-------------+-----
Fighting       | 1 |  1.9
Stealth        | 5 |  5.6
Axes           | 1 |  1.8
Hexes          | 5 |  5.5
Ice Magic      | 1 |  1.8
Dodging        | 3 |  3.3
Short Blades   | |  1.1
Spellcasting   | |  2.7

Action                   |  1- 3 |  4- 6 || total
-------------------------+-------+-------++-------
Melee: Dagger            |   133 |   102 ||   235
       Bite              |    11 |    14 ||    25
       Punch             |       |     1 ||     1
 Cast: Ensorcelled Hiber |     8 |    20 ||    28
  Use: Scroll            |     4 |     2 ||     6
       Potion            |       |     7 ||     7
 Stab: Sleeping          |    22 |    15 ||    37
Armor: Robe              |    28 |    28 ||    56
Dodge: Dodged            |    72 |    81 ||   153
Block: Other             |       |     3 ||     3

Table legend: (Time is in decaauts)
 A = Elapsed time spent in this place.
 B = Non-inter-level travel time spent in this place.
 C = Inter-level travel time spent in this place.
 D = Time resting spent in this place.
 E = Time spent auto-exploring this place.
 F = Levels seen in this place.
 G = Mean time per level.
                   A        B        C        D        E       F      G
               +--------+--------+--------+--------+--------+-----+--------+
         Total |   3204 |   3100 |    104 |    298 |   2008 |   4 |  801.0 |
       Dungeon |   3204 |   3100 |    104 |    298 |   2008 |   4 |  801.0 |
               +--------+--------+--------+--------+--------+-----+--------+

Top non-repeatable levels by time:
     D:1: 1076 daAuts
     D:3: 973 daAuts
     D:2: 805 daAuts
     D:4: 349 daAuts
